 Dungeon Crawl Stone Soup version 0.24.0-123-gd5b16e6ec5 (webtiles) character file.

Game seed: 5610500465983604136, levelgen mode: deterministic

6410 mrnguyen the Cleaver (level 10, -2/90 HPs)
             Began as a Minotaur Fighter on Feb 5, 2020.
             Was a High Priest of Okawaru.
             Slain by a killer bee (5 damage)
             ... on level 9 of the Dungeon.
             The game lasted 01:03:08 (7603 turns).

mrnguyen the Cleaver (Minotaur Fighter)             Turns: 7603, Time: 01:03:08

Health: -2/90      AC: 15    Str: 30    XL:     10   Next: 66%
Magic:  9/9        EV:  9    Int:  5    God:    Okawaru [*****.]
Gold:   307        SH: 13    Dex: 11    Spells: 9/9 levels left

rFire    . . .     SeeInvis .   t - +3 war axe (chop)
rCold    . . .     Gourm    .   c - +0 shield
rNeg     . . .     Faith    .   h - +3 chain mail
rPois    +         Spirit   .   (helmet restricted)
rElec    .         Reflect  .   (no cloak)
rCorr    .         Harm     .   u - +0 pair of gloves
MR       .....                  (no boots)
Stlth    ..........             (no amulet)
HPRegen  0.25/turn              x - ring of poison resistance
MPRegen  0.11/turn              y - +2 ring of dexterity

@: mighty, about to teleport
A: retaliatory headbutt, horns 2
a: Heroism, Finesse, Renounce Religion


You were on level 9 of the Dungeon.
You worshipped Okawaru.
Okawaru was extremely pleased with you.
You were not hungry.

You visited 2 branches of the dungeon, and saw 10 of its levels.

You collected 307 gold pieces.

Inventory:

Hand Weapons
 a - a +1 war axe
 g - a +1 flail of crushing
 t - a +3 war axe of chopping (weapon)
 v - the +8 spear "Ozuyh" {protect, Str+7 Dex-5, unknown}
   (You found it on level 7 of the Dungeon)

   It grants its wielder temporary protection when it strikes (+7 to AC).
   It affects your strength (+7).
   It affects your dexterity (-5).
Missiles
 e - 56 sling bullets
 j - 8 atropa-tipped darts (quivered)
 C - 2 throwing nets
Armour
 b - a +0 scale mail
 c - a +0 shield (worn)
 h - a +3 chain mail (worn)
 l - a cursed +0 chain mail
 m - a +0 robe
 p - a +0 large shield
 u - a +0 pair of gloves (worn)
Jewellery
 s - an uncursed ring of magical power
 x - a ring of poison resistance (left hand)
 y - a +2 ring of dexterity (right hand)
Wands
 q - a wand of enslavement (15)
 r - a wand of digging (6)
Scrolls
 n - 3 scrolls of identify
 o - 2 scrolls of teleportation
 w - 2 scrolls of remove curse
 A - a scroll of enchant weapon
 F - 3 scrolls of amnesia
 H - a scroll of random uselessness
Potions
 i - 2 potions of haste
 z - a potion of ambrosia
 D - 3 potions of curing
 E - a potion of invisibility
 G - 2 potions of lignification
Comestibles
 f - 6 rations
 B - a chunk of flesh


   Skills:
 + Level 8.8 Fighting
 + Level 11.3 Axes
 + Level 0.9 Throwing
 + Level 9.5 Armour
 + Level 3.7 Dodging
 + Level 0.7 Stealth
 + Level 10.1 Shields
 + Level 0.1 Evocations


You had 9 spell levels left.
You didn't know any spells.
Your spell library contained the following spells:

 Spells                   Type           Power        Failure   Level  Hunger
 Flame Tongue             Conj/Fire      #....        99%         1    ##.....
 Throw Flame              Conj/Fire      #.....       99%         2    ###....
 Conjure Flame            Conj/Fire      #.......     100%        3    ####...
 Inner Flame              Hex/Fire       #.......     100%        3    ####...
 Sticky Flame             Conj/Fire      #.......     100%        4    #####..
 Fireball                 Conj/Fire      #.........   100%        5    ######.


Dungeon Overview and Level Annotations

Branches:
Dungeon (9/15)             Temple (1/1) D:4
   Lair: D:8-11         Orc: D:9-12

Altars:
Ashenzari
Cheibriados
Dithmenos
Elyvilon
Gozag
Hepliaklqana
Kikubaaqudgha
Nemelex Xobeh
Okawaru
Qazlal
Ru
Sif Muna
Trog
Uskayaw
Wu Jian
Xom
Yredelemnul
Zin
The Shining One

Shops:
D:7 *

Annotations:
D:4 2 transporters, eccles's ghost, amateur DsAK


Innate Abilities, Weirdness & Mutations

You reflexively headbutt those who attack you in melee.
You have a pair of horns on your head.


Message History

The killer bee stings you but does no damage.
You see here a killer bee corpse.
You feel very mighty all of a sudden. You block the killer bee's attack.
The killer bee stings you.
* * * LOW HITPOINT WARNING * * *
You block the killer bee's attack. The killer bee completely misses you.
The killer bee stings you but does no damage.
You block the killer bee's attack.
As you read the scroll of teleportation, it crumbles to dust.
You feel strangely unstable. The killer bee barely misses you.
You block the killer bee's attack.
The killer bee stings you but does no damage.
You block the killer bee's attack.
The queen bee calls on the killer bee to defend it!
The killer bee goes berserk!
The killer bee closely misses you. The killer bee barely misses you.
The killer bee stings you!
* * * LOW HITPOINT WARNING * * *
You block the killer bee's attack. The killer bee stings you.
You die...

#.# ..#
#≈≈.......####
#y##.# #≈.......#
#.#.# #....≈≈≈###
#††# #...(.≈≈≈## #
##.# ##..÷.###≈≈###
#y†# #.##≈≈.#..≈≈.#
###yy#
##.≈≈..≈≈≈.#..
####..yy#
#.≈≈.##≈####..
.......@###.#.###≈#
### #######..[...##
### ########


You could see a queen bee and 4 killer bees.

Vanquished Creatures
  Maurice (D:8)
  A troll (D:9)
  2 hippogriffs
  A wyvern (D:8)
  Eustachio (D:5)
  A human (D:3)
  2 hungry ghosts (D:8)
  4 sky beasts
  An orc warrior (D:8)
  An eye of draining (D:8)
  3 ice beasts
  2 ogres
  4 phantoms
  8 centaurs
  A big kobold (D:8)
  Blork the orc (D:4)
  A bullfrog (D:9)
  3 scorpions
  9 killer bees (D:9)
  10 wights
  A howler monkey (D:6)
  6 crimson imps
  A bullfrog zombie (D:7)
  3 centaur zombies
  3 jellies
  A quasit (D:8)
  4 orc priests
  3 hounds
  3 centaur skeletons
  7 orc wizards
  2 bullfrog skeletons
  2 gnoll shamans
  2 iguanas
  Jessica (D:2)
  Terence (D:2)
  5 worker ants
  A killer bee zombie (D:9)
  A hound zombie (D:5)
  2 hound skeletons
  A mummy (D:7)
  12 gnolls
  9 adders
  2 shadow imps
  An adder skeleton (D:4)
  2 leopard geckos
  16 orcs
  3 giant cockroaches
  6 goblins
  2 hobgoblins (D:3)
  6 jackals
  3 kobolds
  A quokka (D:9)
  2 ball pythons
  6 bats
  2 frilled lizards
  A jackal zombie (D:6)
  A kobold skeleton (D:3)
  A kobold zombie (D:3)
  A leopard gecko skeleton (D:6)
  2 quokka skeletons (D:4)
  5 rats
191 creatures vanquished.

Vanquished Creatures (others)
  A sky beast (D:5)
  A human (D:6)
  4 plants (D:4)
6 creatures vanquished.

Grand Total: 197 creatures vanquished

Notes
Turn   | Place    | Note
-------+----------+-------------------------------------------
     0 | D:1      | mrnguyen the Minotaur Fighter began the quest for the Orb.
     0 | D:1      | Reached XP level 1. HP: 19/19 MP: 0/0
   414 | D:2      | Reached XP level 2. HP: 27/27 MP: 1/1
   494 | D:2      | Noticed Jessica
   494 | D:2      | Noticed Terence
   498 | D:2      | Killed Jessica
   498 | D:2      | Reached XP level 3. HP: 14/33 MP: 2/2
   500 | D:2      | Killed Terence
   733 | D:3      | Reached XP level 4. HP: 39/41 MP: 3/3
   841 | D:3      | Noticed a phantom
   875 | D:3      | Killed a phantom
   875 | D:3      | Reached skill level 5 in Fighting
   875 | D:3      | Reached skill level 3 in Axes
   875 | D:3      | Reached XP level 5. HP: 40/48 MP: 4/4
   931 | D:3      | Found a runed translucent door.
   931 | D:3      | Noticed a human
   948 | D:3      | Found a basalt altar of Yredelemnul.
   978 | D:3      | Killed a human
   978 | D:3      | Reached skill level 4 in Axes
   978 | D:3      | Reached skill level 1 in Dodging
   978 | D:3      | Reached skill level 5 in Shields
   978 | D:3      | Reached XP level 6. HP: 47/56 MP: 5/5
  1371 | D:4      | Reached skill level 5 in Armour
  1394 | D:4      | Reached skill level 5 in Axes
  1633 | D:4      | Reached XP level 7. HP: 58/62 MP: 6/6
  1772 | D:4      | Found a staircase to the Ecumenical Temple.
  2045 | D:4      | Noticed eccles's ghost (amateur DsAK)
  2052 | D:4      | Found a transporter.
  2053 | D:4      | Noticed Blork the orc
  2062 | D:4      | Killed Blork the orc
  2062 | D:4      | Reached skill level 6 in Axes
  2176 | Temple   | Entered the Ecumenical Temple
  2359 | Temple   | Became a worshipper of Warmaster Okawaru
  2638 | D:4      | Found a transporter.
  2889 | D:5      | Entered Level 5 of the Dungeon
  3061 | D:5      | Reached XP level 8. HP: 38/70 MP: 7/7
  3117 | D:5      | Reached skill level 7 in Axes
  3279 | D:5      | Noticed Eustachio
  3346 | D:5      | Killed Eustachio
  3346 | D:5      | Reached * piety under Okawaru
  3902 | D:6      | Reached skill level 8 in Axes
  4061 | D:6      | Reached ** piety under Okawaru
  4091 | D:6      | Reached XP level 9. HP: 72/78 MP: 8/8
  4231 | D:6      | Found an ancient bone altar of Kikubaaqudgha.
  4381 | D:6      | Found a sacrificial altar of Ru.
  4775 | D:7      | Reached skill level 9 in Axes
  4854 | D:7      | Found a snail-covered altar of Cheibriados.
  4889 | D:7      | Found a shattered altar of Ashenzari.
  4893 | D:7      | Found Jepnaidogh's General Store.
  5212 | D:7      | Got a twisted spear
  5824 | D:8      | Noticed Maurice
  5849 | D:8      | Killed Maurice
  5849 | D:8      | Reached *** piety under Okawaru
  5927 | D:8      | Reached skill level 10 in Axes
  5986 | D:8      | Paralysed by fainting for 11 turns
  6010 | D:8      | Paralysed by fainting for 5 turns
  6023 | D:8      | Paralysed by fainting for 10 turns
  6034 | D:8      | Paralysed by fainting for 5 turns
  6048 | D:8      | Reached **** piety under Okawaru
  6048 | D:8      | Reached XP level 10. HP: 44/88 MP: 9/9
  7002 | D:9      | Found an opulent altar of Gozag.
  7002 | D:9      | Found a hide-covered altar of Uskayaw.
  7038 | D:9      | Found a sparkling altar of Nemelex Xobeh.
  7072 | D:9      | Reached ***** piety under Okawaru
  7156 | D:9      | Reached skill level 11 in Axes
  7156 | D:9      | Reached skill level 10 in Shields
  7603 | D:9      | HP: 3/90 [killer bee (7)]
  7603 | D:9      | Slain by a killer bee

Levels and vault maps discovered:
D:1:      kilobyte_arrival_exit_the_forest, layout_rooms, minmay_misc_feat_x
D:2:      layout_rooms, nicolae_overflow_hidden_temple, hex_medium,
          uniq_jessica, uniq_terence
D:3:      layout_rooms, first_ration, serial_curves, eino_curves_03,
          eino_curves_04, eino_curves_02, dk_yredelemnul_ordeal,
          uniq_crazy_yiuf_cottage, uniq_grinder, uniq_ijyb
D:4:      layout_rooms, temple_green, gammafunk_ghost_gnarly_gnolls,
          uniq_blork_the_orc
D:5:      layout_cave_pools, uniq_eustachio
D:6:      layout_basic, nicolae_ru_awakened_eye,
          gammafunk_temple_overflow_pools, tgw_kikubaaqudgha
D:7:      layout_basic, slow_altar_2, overflow_temple_1_default, serial_shops,
          nicolae_shop_stone
D:8:      minmay_angry_zag, layout_basic, enter_bailey_3, uniq_maurice
D:9:      layout_layer_cave, gammafunk_temple_overflow_elements, basic_altar,
          serial_rivers, chequers_serial_rivers_micro_c,
          chequers_serial_rivers_room_a, chequers_serial_rivers_small_b,
          chequers_serial_rivers_marsh, chequers_serial_rivers_marsh,
          david_nohive_1
Temple:   dshaligram_water_room_temple

Skill      XL: |  1  2  3  4  5  6  7  8  9 10 |
---------------+-------------------------------+-----
Shields        | 4 5 6 7 9 10 | 10.1
Fighting       | 4 5 6 8 |  8.8
Armour         | 4 5 6 7 8 9 |  9.5
Axes           | 3 4 5 6 8 10 11 | 11.3
Dodging        | 1 2 3 |  3.7
Throwing       | |  0.9
Stealth        | |  0.7
Evocations     | |  0.1

Action                   |  1- 3 |  4- 6 |  7- 9 | 10-12 || total
-------------------------+-------+-------+-------+-------++-------
Melee: War axe           |    34 |    91 |   360 |   158 ||   643
       Headbutt          |     1 |    17 |    64 |    26 ||   108
Throw: Dart              |       |       |     3 |       ||     3
Evoke: Wand              |       |     2 |       |       ||     2
  Use: Scroll            |     3 |     3 |     9 |     4 ||    19
       Potion            |     3 |       |     1 |     2 ||     6
  Eat: Chunk             |       |     2 |     3 |     5 ||    10
       Ration            |       |       |     4 |       ||     4
Armor: Scale mail        |    23 |       |       |       ||    23
       Chain mail        |     1 |    59 |   232 |   103 ||   395
Dodge: Dodged            |    17 |    31 |   103 |    66 ||   217
Block: Shield            |    18 |    60 |   226 |   150 ||   454
